 Dungeon Crawl Stone Soup version 0.22-a0-458-gb446440d2e (webtiles) character file.

16 Rrauwl the Charlatan (level 2, 0/25 HPs)
             Began as a Deep Dwarf Artificer on June 8, 2018.
             Killed themself with a badly aimed iceblast (15 damage)
             ... on level 1 of the Dungeon.
             The game lasted 00:01:12 (41 turns).

Rrauwl the Charlatan (Deep Dwarf Artificer)           Turns: 41, Time: 00:01:15

Health: 0/25       AC:  3    Str: 15    XL:     2   Next: 37%
Magic:  5/5        EV: 12    Int: 11    God:
Gold:   0          SH:  0    Dex: 13    Spells: 1/1 levels left

rFire    . . .     SeeInvis .   a - +0 short sword
rCold    . . .     Gourm    .   (no shield)
rNeg     . . .     Faith    .   b - +0 leather armour
rPois    .         Spirit   .   (no helmet)
rElec    .         Reflect  .   (no cloak)
rCorr    .         Harm     .   (no gloves)
MR       .....                  (no boots)
Stlth    ++........             (no amulet)
HPRegen  0.00/turn              (no ring)
MPRegen  0.09/turn              (no ring)

@: non-regenerating
A: damage resistance, heal wounds, sense surroundings 1, no regeneration
a: Heal Wounds


You were on level 1 of the Dungeon.
You were not hungry.

You visited 1 branch of the dungeon, and saw 1 of its levels.

Inventory:

Hand Weapons
 a - a +0 short sword (weapon)
Armour
 b - a +0 leather armour (worn)
Wands
 c - a wand of flame (15)
 d - a wand of enslavement (14)
 e - a wand of random effects (12)
Comestibles
 f - a ration


   Skills:
 - Level 1.1 Fighting
 - Level 1.1 Short Blades
 + Level 0.7 Armour
 + Level 2.4 Dodging
 + Level 1.7 Stealth
 + Level 4.2 Evocations


You had one spell level left.
You didn't know any spells.
Your spell library was empty.

Dungeon Overview and Level Annotations

Branches:
Dungeon (1/15)

Altars:


Innate Abilities, Weirdness & Mutations

You are resistant to damage.
You can heal yourself by infusing magical energy.
You passively map a small area around you.
You do not regenerate.


Message History

There is an open door here.
You hit the jackal.
The jackal is severely wounded.
The jackal barely misses you. x2
You closely miss the jackal.
The jackal is severely wounded.
The jackal bites you but does no damage.
You hit the jackal.
You kill the jackal!
Evoke which item? (* to show all) (? for menu, Esc to quit)
Aiming: Random Effects
Press: ? - help, Shift-Dir - straight line, f - hobgoblin
Aim: a hobgoblin, wielding a club The mass of ice explodes!
The iceblast engulfs the hobgoblin.
You kill the hobgoblin!
You feel a bit more experienced.
The iceblast engulfs the hobgoblin.
You kill the hobgoblin!
The iceblast engulfs you!
Ouch! That really hurt!
You die...

, #..# * #..# ,
#. , , #..# #..#
, #..# #..#. ,
#..# ..... #.(#
...... ,,,##'# ,
..[...#######..##
......)....#@...#
♣.........))....#
♣♣♣...#######..##
♣♣♣ ####


There were no monsters in sight!

Vanquished Creatures
  A gnoll (D:1)
  2 hobgoblins (D:1)
  2 jackals (D:1)
  A frilled lizard (D:1)
6 creatures vanquished.

Vanquished Creatures (others)
  A jackal (D:1)
1 creature vanquished.

Grand Total: 7 creatures vanquished

Notes
Turn   | Place    | Note
-------+----------+-------------------------------------------
     0 | D:1      | Rrauwl the Deep Dwarf Artificer began the quest for the Orb.
     0 | D:1      | Reached XP level 1. HP: 16/16 MP: 3/3
    25 | D:1      | Reached skill level 1 in Fighting
    25 | D:1      | Reached skill level 1 in Short Blades
    25 | D:1      | Reached XP level 2. HP: 15/25 MP: 5/5
    41 | D:1      | Killed themself with a badly aimed iceblast

Vault maps used:
D:1:      sevenhm_arrival_forest_fort_large_4

Skill      XL: |  1 |
---------------+----+-----
Fighting       | 1 |  1.1
Short Blades   | 1 |  1.1
Armour         | |  0.7
Dodging        | |  2.4
Stealth        | |  1.7
Evocations     | |  4.2

Action                   || total
-------------------------++-------
Melee: Short sword       ||     7
Evoke: Wand              ||     4
Armor: Leather armour    ||     3
Dodge: Dodged            ||     7

Table legend:
 A = Spawn XP
 B = Non-spawn XP
 C = Spawn XP percentage of total XP
 D = Spawn monster count
 E = Non-spawn monster count
 F = Spawn count percentage of total count
 G = Total turns spent on level
                    A         B        C        D         E        F      G
               +---------+---------+-------+---------+---------+-------+---------
         Total |       0 |      23 |   0.0 |       0 |       6 |   0.0 |    41
               +---------+---------+-------+---------+---------+-------+---------
           D:1 |       0 |      23 |   0.0 |       0 |       6 |   0.0 |    41
               +---------+---------+-------+---------+---------+-------+---------
